 Dungeon Crawl Stone Soup version 0.21.1-1-g345015f (webtiles) character file.

5206 blaoi the Spear-Bearer (level 10, -1/77 HPs)
             Began as a Human Berserker on Apr 23, 2018.
             Was an Elder of Trog.
             Killed by divine providence
             ... invoked by an orc priest
              (12 damage)
             ... on level 9 of the Dungeon.
             The game lasted 01:17:23 (10114 turns).

blaoi the Spear-Bearer (Human Berserker)           Turns: 10114, Time: 01:17:23

Health: -1/77      AC: 23    Str: 21    XL:     10   Next: 91%
Magic:  10/10      EV:  8    Int:  7    God:    Trog [****..]
Gold:   336        SH:  5    Dex: 13    Spells: 9/9 levels left

rFire    . . .     SeeInvis .   a - +2 spear
rCold    . . .     Gourm    .   (no shield)
rNeg     . . .     Faith    .   g - +1 plate armour
rPois    +         Spirit   .   j - +2 helmet
rElec    .         Reflect  +   G - +0 cloak
rCorr    .         Harm     .   c - +2 pair of gloves
MR       .....                  (no boots)
Stlth    ..........             x - +5 amulet of reflection
HPRegen  0.22/turn              A - ring of poison resistance
MPRegen  0.12/turn              (no ring)

@: berserk cooldown, slowed, very slow
A: no striking features
a: Berserk, Trog's Hand, Brothers in Arms, Burn Spellbooks, Renounce Religion


You were on level 9 of the Dungeon.
You worshipped Trog.
Trog was greatly pleased with you.
You were not hungry.

You visited 2 branches of the dungeon, and saw 10 of its levels.

You collected 336 gold pieces.

Inventory:

Hand Weapons
 a - a +2 spear (weapon)
 n - a +0 halberd
 t - a +0 flail
Armour
 c - a +2 pair of gloves (worn)
 g - a +1 plate armour (worn)
 j - a +2 helmet (worn)
 G - a +0 cloak (worn)
Jewellery
 x - a +5 amulet of reflection (around neck)
 A - a ring of poison resistance (left hand)
Wands
 u - a wand of paralysis (9)
Scrolls
 b - 2 scrolls of magic mapping {unknown}
 d - 8 scrolls of remove curse
 m - 5 scrolls of teleportation
 o - a scroll of fog {unknown}
 q - a scroll of amnesia
 v - a scroll of blinking {unknown}
 w - 2 scrolls of summoning
 y - a scroll of silence {unknown}
 C - a scroll of immolation {unknown}
Potions
 e - 2 potions of haste
 f - 2 potions of flight
 k - a potion of heal wounds {unknown}
 l - a potion of brilliance {unknown}
 p - a potion of lignification {unknown}
 r - 2 potions of curing
 s - 2 potions of resistance
 D - 2 potions of cancellation {unknown}
Books
 z - a book of Cantrips

   Spells                             Type                      Level
   a - Confusing Touch                Hexes                        1
   b - Animate Skeleton               Necromancy                   1
   c - Summon Small Mammal            Summoning                    1
   d - Apportation                    Translocation                1
   Trog disapproves of the use of such an item.
 E - a book of Misfortune

   Spells                             Type                      Level
   a - Confusing Touch                Hexes                        1
   b - Confuse                        Hexes                        3
   c - Gell's Gravitas                Translocation                3
   d - Petrify                        Transmutation/Earth          4
   e - Metabolic Englaciation         Hexes/Ice                    5
   f - Yara's Violent Unravelling     Hexes/Transmutation          5
   Trog disapproves of the use of such an item.
Comestibles
 i - 10 rations


   Skills:
 + Level 6.6 Fighting
 + Level 10.3 Polearms
 + Level 9.2 Armour
 + Level 2.9 Dodging
 + Level 4.4 Stealth
 + Level 0.7 Evocations


You had 9 spell levels left.
You didn't know any spells.

Dungeon Overview and Level Annotations

Branches:
Dungeon (9/15)             Temple (1/1) D:7
   Lair: D:8-11         Orc: D:9-12

Altars:
Ashenzari
Cheibriados
Dithmenos
Elyvilon
Fedhas
Gozag
Hepliaklqana
Kikubaaqudgha
Makhleb
Nemelex Xobeh
Qazlal
Ru
Sif Muna
Trog
Uskayaw
Vehumet
Wu Jian
Xom
Yredelemnul
The Shining One

Shops:
D:6 %


Message History

You're still recovering from your berserk rage.
You hit the yak.
The yak is moderately wounded.
The orc priest invokes the aid of Beogh against you.
Beogh smites you! The yak gores you!
* * * LOW HITPOINT WARNING * * *
You puncture the yak!
The yak is heavily wounded.
You feel the effects of Trog's Hand fading.
The yak gores you but does no damage.
The orc priest calls down the wrath of Beogh upon you.
Beogh smites you!
* * * LOW HITPOINT WARNING * * *
The yak gores you but does no damage.
Your skin stops crawling.
You feel less resistant to hostile enchantments.
The yak gores you but does no damage.
The orc priest invokes the aid of Beogh against you.
Beogh smites you!
You die...

... .... ###.[.... ...
......... ..#
##......# #.#
$........ #.# #
#...#..###.###.#
.#..........@<..#
............Y.#.#
#......<.##Y###.#
#......#o##.# .#
#......#.##o# .#
.........##)###.##.#..
##.........?))........
.../..................
##......###.###.##.###


You could see 2 yaks and an orc priest.

Vanquished Creatures
  Pikel (D:6)
  The ghost of microfolk the Reanimator, a novice DENe of Hepliaklqana (D:8)
  The ghost of Verendum the Basher, a novice GrAK of Lugonu (D:6)
  3 hippogriffs
  Sigmund (D:4)
  A spriggan (D:7)
  A yak (D:9)
  2 black bears
  An orc warrior (D:6)
  A sky beast (D:8)
  2 ogres
  4 centaurs
  4 bullfrogs
  A scorpion (D:8)
  12 killer bees (D:8)
  3 wights (D:8)
  4 howler monkeys
  A bullfrog zombie (D:5)
  2 crimson imps
  2 centaur zombies
  A quasit (D:6)
  3 hounds
  A gnoll shaman (D:1)
  3 jellies (D:8)
  3 orc priests
  2 bullfrog skeletons
  An iguana (D:8)
  7 orc wizards
  2 worker ants (D:4)
  A killer bee zombie (D:5)
  A howler monkey zombie (D:2)
  A worker ant zombie (D:6)
  5 gnolls
  7 adders
  A shadow imp (D:8)
  3 adder skeletons
  2 adder zombies
  5 worms
  3 dart slugs
  3 leopard geckos
  21 orcs
  9 giant cockroaches
  6 goblins
  5 hobgoblins
  12 jackals
  6 kobolds
  6 quokkas
  3 ball pythons
  8 bats
  8 frilled lizards
  A giant cockroach zombie (D:5)
  6 rats
  4 fungi (D:5)
198 creatures vanquished.

Vanquished Creatures (others)
  Menkaure (D:6)
  3 slaves (D:6)
  A hound (D:6)
  An orc wizard (D:6)
  A leopard gecko (D:6)
  An orc (D:6)
8 creatures vanquished.

Grand Total: 206 creatures vanquished

Notes
Turn   | Place    | Note
-------+----------+-------------------------------------------
     0 | D:1      | blaoi the Human Berserker began the quest for the Orb.
     0 | D:1      | Reached XP level 1. HP: 18/18 MP: 1/1
   207 | D:1      | Reached XP level 2. HP: 23/24 MP: 2/2
   778 | D:1      | Reached XP level 3. HP: 29/29 MP: 3/3
   793 | D:1      | Reached ** piety under Trog
  1497 | D:1      | Reached XP level 4. HP: 35/35 MP: 4/4
  1568 | D:2      | Reached skill level 4 in Polearms
  1578 | D:2      | Found a basalt altar of Yredelemnul.
  2238 | D:2      | Reached XP level 5. HP: 41/41 MP: 5/5
  3091 | D:3      | Found a sparkling altar of Nemelex Xobeh.
  3357 | D:3      | Reached *** piety under Trog
  3361 | D:3      | Reached XP level 6. HP: 46/47 MP: 6/6
  3875 | D:4      | Found a blossoming altar of Fedhas.
  4227 | D:4      | Reached skill level 5 in Polearms
  4294 | D:4      | Noticed Sigmund
  4333 | D:4      | Killed Sigmund
  4333 | D:4      | Reached XP level 7. HP: 15/54 MP: 7/7
  4790 | D:5      | Entered Level 5 of the Dungeon
  5004 | D:5      | Found an ancient bone altar of Kikubaaqudgha.
  5190 | D:5      | Reached skill level 6 in Polearms
  5511 | D:5      | Found a white marble altar of Elyvilon.
  5849 | D:5      | Reached skill level 5 in Armour
  6227 | D:6      | Reached XP level 8. HP: 52/60 MP: 8/8
  6281 | D:6      | Noticed Verendum's ghost (novice GrAK)
  6296 | D:6      | Killed Verendum's ghost
  6296 | D:6      | Reached skill level 7 in Polearms
  6401 | D:6      | Noticed Pikel
  6431 | D:6      | Killed Pikel
  6431 | D:6      | Reached skill level 5 in Fighting
  6431 | D:6      | Reached skill level 8 in Polearms
  6431 | D:6      | Reached XP level 9. HP: 52/68 MP: 9/9
  6612 | D:6      | Found Nosiluc's Food Shoppe.
  6664 | D:6      | Killed Menkaure
  6706 | D:6      | You fall through a shaft for 2 floors!
  6727 | D:8      | Noticed a hippogriff
  6755 | D:8      | Killed a hippogriff
  6755 | D:8      | Reached skill level 1 in Stealth
  6780 | D:7      | Found a staircase to the Ecumenical Temple.
  6838 | Temple   | Entered the Ecumenical Temple
  7298 | D:6      | Found a snail-covered altar of Cheibriados.
  7355 | D:6      | Reached skill level 9 in Polearms
  8120 | D:7      | Noticed a hippogriff
  8152 | D:7      | Killed a hippogriff
  8152 | D:7      | Reached XP level 10. HP: 76/76 MP: 10/10
  8168 | D:7      | Reached **** piety under Trog
  8604 | D:7      | Found a deep blue altar of Sif Muna.
  8605 | D:7      | Found a glowing golden altar of the Shining One.
  9157 | D:8      | Noticed microfolk's ghost (novice DENe)
  9173 | D:8      | Killed microfolk's ghost
  9173 | D:8      | Reached skill level 10 in Polearms
  9658 | D:8      | Found a shadowy altar of Dithmenos.
 10114 | D:9      | Killed from afar by an orc priest

Skill      XL: |  1  2  3  4  5  6  7  8  9 10 |
---------------+-------------------------------+-----
Polearms       | 4 5 6 8 9 10 | 10.3
Armour         | 3 4 5 6 7 9 |  9.2
Fighting       | 4 5 6 |  6.6
Stealth        | 1 4 |  4.4
Dodging        | |  2.9
Evocations     | |  0.7

Action                   |  1- 3 |  4- 6 |  7- 9 | 10-12 || total
-------------------------+-------+-------+-------+-------++-------
Melee: Spear             |   128 |   298 |   413 |   359 ||  1198
Invok: Berserk           |       |     1 |     2 |     5 ||     8
       Trog's Hand       |       |       |     3 |     1 ||     4
Evoke: Wand              |       |       |     2 |     2 ||     4
  Use: Scroll            |     4 |     6 |     5 |       ||    15
       Potion            |     3 |       |       |       ||     3
 Stab: Fleeing           |       |       |     1 |       ||     1
       Paralysed         |       |       |     9 |       ||     9
  Eat: Ration            |     1 |     1 |     4 |     2 ||     8
       Chunk             |       |     5 |     2 |     6 ||    13
Armor: Scale mail        |    30 |       |       |       ||    30
       Animal skin       |     1 |       |       |       ||     1
       Plate armour      |    30 |   172 |   213 |   202 ||   617
Dodge: Dodged            |    68 |    78 |    91 |   128 ||   365
Block: Other             |       |       |     8 |    72 ||    80
       Reflection        |       |       |       |     1 ||     1
